 Dungeon Crawl Stone Soup version 0.17-a0-1174-ge06b3cc (webtiles) character file.

251041 Gorice the Black Belt (level 18, -7/146 HPs)
             Began as a Vampire Monk on May 26, 2015.
             Was the Champion of Okawaru.
             Shot with a bolt by a yaktaur (16 damage)
             ... on level 1 of the Vaults on May 29, 2015.
             The game lasted 06:50:14 (60933 turns).

Gorice the Black Belt (Vampire Monk)               Turns: 60933, Time: 06:50:14

Health: -7/146     AC: 22    Str: 13    XL:     18   Next: 92%
Magic:  0/25       EV: 26    Int: 16    God:    Okawaru [******]
Gold:   921        SH:  0    Dex: 25    Spells: 2 memorised, 13 levels left

rFire  . . .     SeeInvis +       - Unarmed
rCold  + . .     Clarity  .     I - +3 scale mail of Unreason {MR+ rCorr Dex+4}
rNeg   + + .     SustAt   .     (no shield)
rPois  +         Gourm    .     C - +1 hat {Spirit}
rElec  .         Spirit   +     h - +2 cloak {+Inv}
rCorr  +         Warding  .     U - +2 pair of gloves {Dex+3}
rMut   .         Stasis   .     n - +0 pair of boots of Feowac {rCorr}
MR     +++..                    t - amulet of faith {!P}
Stlth  ++++......               u - ring of protection from magic
                                H - +4 ring of evasion

@: regenerating slowly, extremely resistant to hostile enchantments, stealthy
A: fangs 3, see invisible, unbreathing
a: Bat Form, Heroism, Finesse, Renounce Religion, Evoke Invisibility
}: 2/15 runes: barnacled, gossamer


You were on level 1 of the Vaults.
You worshipped Okawaru.
Okawaru was exalted by your worship.
You were thirsty.

You visited 7 branches of the dungeon, and saw 37 of its levels.
You also visited: Ice Cave.

You collected 3451 gold pieces.
You spent 2530 gold pieces at shops.

Inventory:

Hand weapons
 b - a +5 longbow of velocity
   (Okawaru gifted it to you on level 1 of the Lair of Beasts)
 B - a +0 blowgun
Missiles
 e - 4 curare-tipped needles
 j - 371 arrows
 r - 41 arrows of flame
 P - 11 poisoned arrows
 X - 39 arrows of dispersal
 Y - 11 throwing nets (quivered)
Armour
 h - a +2 cloak of invisibility (worn)
   (Okawaru gifted it to you on level 2 of the Lair of Beasts)
 n - the +0 pair of boots of Feowac (worn) {rCorr}
   (Okawaru gifted it to you on level 3 of the Spider Nest)

   It protects you from acid and corrosion.
 C - a +1 hat of spirit shield (worn)
   (You took it off Gastronok on level 2 of the Lair of Beasts)
 I - the +3 scale mail of Unreason (worn) {MR+ rCorr Dex+4}
   (Okawaru gifted it to you on level 6 of the Lair of Beasts)

   It affects your dexterity (+4).
   It affects your resistance to hostile enchantments.
   It protects you from acid and corrosion.
 U - a +2 pair of gloves of dexterity (worn)
   (Okawaru gifted it to you on level 4 of the Orcish Mines)
Jewellery
 f - an uncursed amulet of stasis
 o - an uncursed ring of protection from fire
 t - an amulet of faith (around neck) {!P}
 u - a ring of protection from magic (right hand)
 y - an uncursed ring of protection from magic
 A - an uncursed amulet of resist corrosion
 H - a +4 ring of evasion (left hand)
 K - an uncursed ring of protection from cold
 T - an uncursed ring of protection from fire
 W - an uncursed ring of poison resistance
Magical devices
 c - a wand of fireball (11)
 m - a wand of fire (8)
 v - a wand of cold (10)
Scrolls
 a - 3 scrolls of teleportation {!r}
 k - 4 scrolls of fog
 p - a scroll of blinking
 q - 17 scrolls of remove curse
 N - 2 scrolls of identify
 V - a scroll of fear {!r}
Potions
 g - 5 potions of haste {!q}
 i - 6 potions of curing
 l - 31 potions of blood
 x - 4 potions of invisibility {!q}
 D - 6 potions of agility {!q}
 M - 3 potions of might {!q}
 O - a potion of heal wounds {!q}
 Q - 2 potions of resistance {!q}
 R - a potion of cancellation {!q}
Miscellaneous
 J - a fan of gales
 L - a lantern of shadows


   Skills:
 + Level 14.0 Fighting
 - Level 11.1 Bows
 * Level 14.6 Armour
 - Level 15.1 Dodging
 - Level 8.7 Stealth
 - Level 16.0 Unarmed Combat
 - Level 8.1 Invocations
 - Level 10.3 Evocations


You had 13 spell levels left.
You knew the following spells:

 Your Spells              Type           Power        Failure   Level  Hunger
M - Repel Missiles        Chrm/Air       #.....       91%         2    ###....
S - Swiftness             Chrm/Air       #.......     91%         2    ###....


Dungeon Overview and Level Annotations

Branches:
Dungeon (15/15)            Temple (1/1) D:5            Lair (8/8) D:9
 Shoals (4/4) Lair:4       Spider (4/4) Lair:6        Slime (0/6) Lair:6
    Orc (4/4) D:12            Elf (0/3) Orc:3        Vaults (1/5) D:13
 Depths (0/5) D:15

Altars:
Ashenzari
Cheibriados
Dithmenos
Elyvilon
Fedhas
Gozag
Kikubaaqudgha
Makhleb
Nemelex Xobeh
Okawaru
Qazlal
Ru
Sif Muna
Trog
Vehumet
Xom
Yredelemnul
Zin
The Shining One
Beogh

Shops:
D:12 :   D:15 *   Orc:2 :(   Orc:4 }:*[

Annotations:
Spider:1 exclusion: Roxanne, Roxanne


Innate Abilities, Weirdness & Mutations

You heal slowly.
You have razor-sharp teeth.
You have supernaturally acute eyesight.
You can survive without breathing.


Message History

The vault guard blocks your attack.
The vault guard is heavily wounded.
The vault guard completely misses you.
The vault guard hits you from afar with a glaive!!
* * * LOW HITPOINT WARNING * * *
Damage: 16 (max 19)
You hit the vault guard but do no damage.
You bite the vault guard.
The vault guard is severely wounded.
You feel like a meek peon again. The vault guard blocks your attack. x2
The vault guard is severely wounded.
The vault guard hits you with a long sword!
* * * LOW HITPOINT WARNING * * *
The vault guard barely misses you.
One of your 32 potions of blood rots away.
Damage: 6 (max 19) Drink which item? (? for menu, Esc to quit)
Really quaff
O - 2 potions of heal wounds {!q}?
You feel much better.
The vault guard hits you with a long sword.
* * * LOW HITPOINT WARNING * * *
The vault guard hits you from afar with a glaive!
* * * LOW HITPOINT WARNING * * *
Unknown command.
Things that are here:
2 large rocks; a bolt of flame; 3 bolts
There is an open door, spattered with blood here.
Items here: ( )))) [[[ A yaktaur comes into view.
Items here: ))) [[ รท Use which ability? (? or * to list)
Okay, then.
Unknown command.
Read which item? (? for menu, Esc to quit)
Really read
V - 2 scrolls of fear {!r}?
As you read the scroll of fear {!r}, it crumbles to dust.
You assume a fearsome visage.
The yaktaur looks frightened!
The yaktaur shouts!
The centaur warrior looks frightened!
The vault guard looks frightened!
You hear a screech!
Unknown command.
A hippogriff comes into view.
There is a stone staircase leading down here.
Cornered, the yaktaur turns to fight!
A centaur comes into view.
The hippogriff changes into a yaktaur!
The yaktaur wields a glowing arbalest.
It bursts into flame!
The yaktaur shoots a bolt.
The bolt hits you!!
You die...

#.'.....'.# ###.....###
#.'.....'.+ ###...c.###
#####'#### #(..c.)..#
#......c####
#..>.(.###.######
############@...)###..##...##
...........#(..)###...##...#.
...........#...#(#....##...#.
...........#..###((p..##.#.#.
...........'.###.(.(..#......
...........####......(#......
###.....# #......pc'))....
#.....# ##########..#...
#.....# #(.#...


You could see a centaur warrior (wandering), a yaktaur and a yaktaur shaped
shifter.

Vanquished Creatures
  A kraken (Shoals:3)
  Gastronok (Lair:2)
  Frances (D:13)
  Ilsuiw (Shoals:4)
  Donald (D:13)
  A vault warden (Vaults:1)
  2 orc warlords
  4 ghost moths
  3 emperor scorpions (Spider:4)
  An ironheart preserver (Vaults:1)
  2 merfolk javelineers (Shoals:4)
  Snorg (Orc:2)
  A vault guard (Vaults:1)
  Josephine (Orc:2)
  2 fire dragons (D:15)
  12 merfolk impalers
  2 yaktaur captains
  Harold (Lair:4)
  8 hydras
  4 centaur warriors
  A catoblepas (Lair:4)
  5 merfolk aquamancers
  3 entropy weavers
  3 merfolk avatars
  An alligator snapping turtle (Shoals:4)
  2 salamander stormcallers
  An orc high priest (Orc:2)
  A satyr (Shoals:4)
  A tengu warrior (D:14)
  6 death yaks
  Urug (D:11)
  A skeletal warrior (D:12)
  8 unseen horrors
  13 sea snakes
  3 ice statues
  3 oklob plants
  11 hill giants
  11 orc knights
  21 ugly things
  24 orb spiders
  20 harpies
  11 griffons
  8 cyclopes
  9 fauns (Shoals:1)
  4 hornets
  6 elephants
  28 wolf spiders
  16 manticores
  10 water nymphs
  3 moths of wrath
  A vault sentinel (Vaults:1)
  An orc sorcerer (Orc:2)
  8 black mambas
  A gargoyle (D:13)
  A drowned soul (Shoals:1)
  4 torpor snails
  3 centaur skeletons
  7 sirens
  26 spiny frogs
  5 yaktaurs (Vaults:1)
  8 komodo dragons
  6 demonic crawlers
  5 fire drakes
  2 freezing wraiths
  3 kobold demonologists
  A tengu conjurer (D:14)
  34 merfolk
  3 trolls
  5 polar bears
  24 jumping spiders
  2 giant leeches (Lair:7)
  3 two-headed ogres
  2 wind drakes (Shoals:3)
  A queen bee (D:9)
  2 slime creatures
  A blue devil (Lair:6)
  A fire vortex (D:14)
  2 ravens (D:14)
  45 blink frogs
  42 yaks
  12 snapping turtles
  26 tarantellas
  A spriggan (shapeshifter) (Vaults:1)
  27 trapdoor spiders
  39 redbacks
  13 water elementals
  2 deep elf magi
  10 vampire mosquitoes
  6 wraiths
  A wyvern (Lair:4)
  A shadow (D:13)
  15 hippogriffs
  16 humans
  A steam dragon (Lair:5)
  3 hungry ghosts
  19 wolves
  3 basilisks
  10 wargs
  A soldier ant (D:12)
  50 orc warriors
  25 water moccasins
  14 porcupines
  20 spiders
  32 ice beasts
  5 sky beasts
  A black bear (shapeshifter) (Vaults:1)
  An eye of draining (D:10)
  4 wasps
  4 black bears
  2 necrophages
  3 phantoms
  19 ogres
  2 brain worms
  35 giant frogs
  19 crocodiles
  14 centaurs
  2 wyvern zombies
  7 big kobolds
  7 scorpions
  A wyvern skeleton (D:9)
  25 killer bees
  4 wights (D:13)
  5 electric eels
  A wasp zombie (D:9)
  4 crimson imps
  3 centaur zombies
  3 gnoll shamans (D:3)
  An iron imp (D:14)
  31 orc wizards
  5 jellies
  8 hounds
  2 giant frog skeletons
  28 orc priests
  12 hell rats
  Natasha (thrice) (D:4)
  9 worker ants
  8 iguanas
  A killer bee zombie (D:7)
  29 sheep
  A hound zombie (D:5)
  48 gnolls
  A killer bee simulacrum (D:9)
  A worker ant zombie (D:9)
  Robin (D:2)
  69 river rats
  13 adders
  2 hound simulacra (D:9)
  20 white imps
  A worker ant simulacrum (D:9)
  7 shadow imps
  An ufetubus (D:9)
  3 oozes
  An adder skeleton (D:8)
  An adder zombie (D:6)
  4 worms
  An adder simulacrum (D:9)
  6 giant geckos
  173 orcs
  7 giant cockroaches
  29 hobgoblins
  25 jackals
  31 kobolds
  7 quokkas
  2 ball pythons (D:3)
  21 bats
  7 giant newts
  27 goblins
  16 rats
  2 fungi (Lair:7)
  2 plants
1719 creatures vanquished.

Vanquished Creatures (others)
  A drowned soul (Shoals:1)
  A yaktaur (Vaults:1)
  A fire vortex (D:15)
  An orc (Orc:1)
  A goblin (Orc:1)
  20 fungi
  11 plants
  12 tentacles (Shoals:3)
  11 tentacle segments (Shoals:3)
59 creatures vanquished.

Grand Total: 1778 creatures vanquished

Notes
Turn   | Place    | Note
--------------------------------------------------------------
     0 | D:1      | Gorice the Vampire Monk began the quest for the Orb.
     0 | D:1      | Reached XP level 1. HP: 17/17 MP: 1/1
   396 | D:1      | Reached XP level 2. HP: 23/23 MP: 2/2
   400 | D:1      | Reached skill level 5 in Unarmed Combat
   417 | D:1      | HP: 6/23 [jackal (2)]
   431 | D:1      | HP: 5/23 [jackal (1)]
   439 | D:1      | HP: 4/23 [jackal (1)]
   802 | D:1      | Reached XP level 3. HP: 14/28 MP: 3/3
  1179 | D:1      | You fall through a shaft!
  1408 | D:2      | Reached skill level 3 in Fighting
  1719 | D:2      | Noticed Robin
  1733 | D:2      | Reached XP level 4. HP: 30/35 MP: 4/4
  1739 | D:2      | Killed Robin
  1743 | D:2      | Reached skill level 6 in Unarmed Combat
  2673 | D:3      | Found a sparkling altar of Nemelex Xobeh.
  2970 | D:3      | Reached XP level 5. HP: 38/41 MP: 5/5
  3177 | D:3      | Found a basalt altar of Yredelemnul.
  3327 | D:3      | HP: 7/41 [orc wizard/magic dart (9)]
  3330 | D:3      | Reached skill level 7 in Unarmed Combat
  3593 | D:3      | Reached XP level 6. HP: 36/48 MP: 6/6
  3600 | D:3      | Reached skill level 4 in Fighting
  3710 | D:3      | HP: 13/48 [gnoll/flail (5)]
  3714 | D:3      | HP: 5/48 [gnoll/halberd (9)]
  4018 | D:3      | Noticed an ogre
  4052 | D:3      | HP: 9/48 [gnoll/spear (6)]
  4064 | D:3      | HP: 6/48 [gnoll/spear (2)]
  4105 | D:3      | HP: 10/48 [gnoll (4)]
  4433 | D:3      | Reached skill level 8 in Unarmed Combat
  4481 | D:3      | Killed an ogre
  4481 | D:3      | Reached XP level 7. HP: 50/55 MP: 7/7
  4614 | D:3      | HP: 14/55 [gnoll/spear (5)]
  4843 | D:3      | Reached skill level 5 in Fighting
  5357 | D:4      | Noticed Natasha
  5364 | D:4      | Killed Natasha
  5364 | D:4      | Reached skill level 9 in Unarmed Combat
  5398 | D:4      | Noticed Natasha
  5403 | D:4      | Killed Natasha
  5637 | D:4      | HP: 8/56 [orc priest/divine providence (11)]
  5853 | D:4      | Noticed Natasha
  5854 | D:4      | Killed Natasha
  5990 | D:4      | Reached XP level 8. HP: 60/63 MP: 8/8
  6627 | D:5      | Entered Level 5 of the Dungeon
  6881 | D:5      | Reached skill level 10 in Unarmed Combat
  7014 | D:5      | Found a staircase to the Ecumenical Temple.
  7025 | Temple   | Entered the Ecumenical Temple
  7118 | Temple   | Became a worshipper of Warmaster Okawaru
  7118 | Temple   | Acquired Okawaru's first power
  7609 | D:6      | Reached skill level 6 in Fighting
  8067 | D:6      | Reached skill level 11 in Unarmed Combat
  8656 | D:7      | Reached XP level 9. HP: 71/71 MP: 9/9
  9154 | D:7      | Reached skill level 7 in Fighting
  9154 | D:7      | Reached skill level 12 in Unarmed Combat
 10521 | D:9      | Reached skill level 13 in Unarmed Combat
 10783 | D:9      | Found a staircase to the Lair.
 10991 | D:9      | Acquired Okawaru's second power
 10991 | D:9      | Reached XP level 10. HP: 67/80 MP: 10/10
 11056 | D:9      | Reached skill level 8 in Fighting
 11072 | D:9      | HP: 24/80 [poisoned by a killer bee]
 11747 | D:9      | Received a gift from Okawaru
 12003 | D:9      | HP: 24/82 [killer bee (8)]
 12009 | D:9      | HP: 23/82 [poisoned by a killer bee]
 12330 | D:9      | Reached skill level 14 in Unarmed Combat
 12335 | D:9      | HP: 24/82 [poisoned by a killer bee]
 12340 | D:9      | HP: 21/82 [poisoned by a killer bee]
 12346 | D:9      | HP: 19/82 [poisoned by a killer bee]
 12352 | D:9      | HP: 19/82 [poisoned by a killer bee]
 12360 | D:9      | HP: 19/82 [poisoned by a killer bee]
 12783 | D:9      | HP: 19/82 [gnoll/spear (8)]
 12798 | D:9      | HP: 16/82 [wasp zombie (4)]
 13247 | D:9      | HP: 23/82 [yak (3)]
 13250 | D:9      | Reached skill level 9 in Fighting
 13617 | Lair:1   | Entered Level 1 of the Lair of Beasts
 13617 | Lair:1   | Noticed a black mamba
 13625 | Lair:1   | HP: 20/83 [black mamba (9)]
 13630 | D:9      | HP: 15/83 [poisoned by a black mamba]
 13635 | D:9      | HP: 12/83 [poisoned by a black mamba]
 13641 | D:9      | HP: 10/83 [poisoned by a black mamba]
 13646 | D:9      | HP: 9/83 [poisoned by a black mamba]
 13653 | D:9      | HP: 9/83 [poisoned by a black mamba]
 13661 | D:9      | HP: 9/83 [poisoned by a black mamba]
 14024 | Lair:1   | Noticed an oklob plant
 14050 | Lair:1   | Killed a black mamba
 14378 | Lair:1   | Reached skill level 15 in Unarmed Combat
 14497 | Lair:1   | Noticed a black mamba
 14559 | Lair:1   | Killed a black mamba
 14559 | Lair:1   | Reached XP level 11. HP: 82/89 MP: 11/11
 14649 | Lair:1   | HP: 23/89 [yak (7)]
 15511 | Lair:1   | Found a blossoming altar of Fedhas.
 16457 | Lair:1   | HP: 26/90 [spiny frog (8)]
 16828 | Lair:2   | Noticed Gastronok
 16852 | Lair:2   | Noticed a death yak
 16852 | Lair:2   | Noticed a death yak
 16852 | Lair:2   | Noticed a death yak
 16852 | Lair:2   | Noticed a death yak
 16869 | Lair:1   | Received a gift from Okawaru
 17005 | Lair:2   | Reached skill level 10 in Fighting
 17005 | Lair:2   | Reached skill level 16 in Unarmed Combat
 17067 | Lair:2   | Noticed a death yak
 17079 | Lair:2   | Noticed a death yak
 17087 | Lair:2   | Killed a death yak
 17087 | Lair:2   | Reached skill level 1 in Invocations
 17143 | Lair:2   | Reached skill level 4 in Dodging
 17162 | Lair:2   | Killed Gastronok
 17162 | Lair:2   | Received a gift from Okawaru
 17162 | Lair:2   | Reached skill level 5 in Dodging
 17162 | Lair:2   | Reached skill level 2 in Invocations
 17194 | Lair:2   | HP: 22/92 [yak (8)]
 17199 | Lair:2   | Reached skill level 3 in Invocations
 17248 | Lair:2   | HP: 23/92 [porcupine's spines (10)]
 17307 | Lair:2   | Found a frozen archway.
 17320 | Lair:2   | HP: 27/92 [white imp/puff of frost (4)]
 17325 | Lair:2   | HP: 25/92 [white imp (2)]
 17393 | IceCv    | Entered an ice cave
 17409 | IceCv    | HP: 24/92 [ice beast (6)]
 17423 | IceCv    | HP: 23/92 [ice beast (2)]
 17765 | IceCv    | Noticed an ice statue
 17765 | IceCv    | Noticed an ice statue
 17777 | IceCv    | HP: 25/92 [ice statue] (6)]
 17782 | IceCv    | Killed an ice statue
 17782 | IceCv    | Reached XP level 12. HP: 18/99 MP: 2/14
 18143 | IceCv    | Killed an ice statue
 18213 | Lair:2   | Reached skill level 6 in Dodging
 18218 | Lair:2   | HP: 29/99 [poisoned by a spiny frog]
 18223 | Lair:2   | HP: 26/99 [poisoned by a spiny frog]
 18228 | Lair:2   | HP: 23/99 [poisoned by a spiny frog]
 18233 | Lair:2   | HP: 21/99 [poisoned by a spiny frog]
 18238 | Lair:2   | HP: 21/99 [poisoned by a spiny frog]
 18245 | Lair:2   | HP: 20/99 [poisoned by a spiny frog]
 18253 | Lair:2   | HP: 20/99 [poisoned by a spiny frog]
 18711 | Lair:2   | Reached skill level 4 in Invocations
 19153 | Lair:1   | Killed a death yak
 19172 | Lair:1   | Killed a death yak
 19172 | Lair:1   | Reached skill level 11 in Fighting
 19298 | Lair:2   | Received a gift from Okawaru
 19363 | Lair:2   | Killed a death yak
 19372 | Lair:2   | Killed a death yak
 19372 | Lair:2   | Reached skill level 7 in Dodging
 19372 | Lair:2   | Reached skill level 5 in Invocations
 19377 | Lair:2   | Killed a death yak
 19892 | Lair:2   | Reached skill level 1 in Evocations
 20163 | Lair:3   | Reached skill level 8 in Dodging
 20163 | Lair:3   | Reached skill level 2 in Evocations
 20964 | Lair:4   | Noticed a catoblepas
 20980 | Lair:4   | Killed a catoblepas
 20980 | Lair:4   | Reached skill level 3 in Evocations
 21138 | Lair:4   | Noticed a five-headed hydra
 21642 | Lair:4   | Killed a five-headed hydra
 21642 | Lair:4   | Reached skill level 9 in Dodging
 21679 | Lair:4   | Reached skill level 4 in Evocations
 21825 | Lair:4   | Noticed Harold
 21840 | Lair:4   | Killed Harold
 21871 | Lair:4   | Reached XP level 13. HP: 54/106 MP: 13/17
 22263 | Lair:4   | Reached skill level 5 in Evocations
 22276 | Lair:4   | Received a gift from Okawaru
 22283 | Lair:4   | Got a translucent plate armour {god gift}
 22741 | Lair:4   | Found a staircase to the Shoals.
 22770 | Lair:4   | Reached skill level 10 in Dodging
 23044 | Lair:4   | Identified the +0 plate armour "Esiepul" {rPois MR+} (Okawaru gifted it to you on level 4 of the Lair of Beasts)
 23166 | Lair:5   | Found a shadowy altar of Dithmenos.
 23301 | Lair:5   | Reached skill level 6 in Evocations
 23986 | Lair:6   | Reached skill level 11 in Dodging
 24230 | Lair:6   | Reached skill level 7 in Evocations
 24299 | Lair:6   | Received a gift from Okawaru
 24308 | Lair:6   | Got an ichor-stained scale mail {god gift}
 24439 | Lair:1   | Identified the +3 scale mail of Unreason {MR+ rCorr Dex+4} (Okawaru gifted it to you on level 6 of the Lair of Beasts)
 24480 | Lair:1   | Noticed an oklob plant
 24504 | Lair:1   | Killed an oklob plant
 24514 | Lair:1   | Killed an oklob plant
 24926 | Lair:6   | HP: 29/106 [blink frog (7)]
 24947 | Lair:6   | HP: 28/106 [blink frog (7)]
 24955 | Lair:5   | HP: 22/106 [blink frog (7)]
 25372 | Lair:6   | Found a staircase to the Slime Pits.
 25598 | Lair:6   | Reached skill level 8 in Evocations
 25654 | Lair:6   | Reached skill level 12 in Dodging
 26075 | Lair:6   | Found a hole to the Spider Nest.
 26373 | Lair:7   | Reached XP level 14. HP: 113/113 MP: 20/20
 26831 | Lair:7   | Received a gift from Okawaru
 26902 | Lair:7   | Reached skill level 9 in Evocations
 27666 | Lair:8   | Entered Level 8 of the Lair of Beasts
 27903 | Lair:7   | Reached skill level 13 in Dodging
 29670 | Lair:8   | Reached skill level 10 in Evocations
 30121 | Lair:7   | Received a gift from Okawaru
 30198 | Lair:8   | Reached skill level 14 in Dodging
 30667 | Lair:8   | Reached skill level 4 in Stealth
 30683 | Lair:8   | Found an ancient bone altar of Kikubaaqudgha.
 30884 | Lair:8   | Reached skill level 5 in Stealth
 31486 | D:10     | Entered Level 10 of the Dungeon
 31618 | D:10     | Received a gift from Okawaru
 31846 | D:10     | Reached skill level 6 in Stealth
 32487 | D:11     | Found a staircase to the Lair.
 32569 | D:11     | Reached skill level 7 in Stealth
 33004 | D:11     | Noticed Urug
 33022 | D:11     | Killed Urug
 33022 | D:11     | Reached XP level 15. HP: 76/119 MP: 14/22
 33265 | D:12     | Found a staircase to the Orcish Mines.
 33311 | D:12     | Reached skill level 8 in Stealth
 33591 | D:12     | Reached skill level 15 in Dodging
 33725 | D:12     | Found a white marble altar of Elyvilon.
 34232 | D:12     | Found Xeojogem's Book Shop.
 34395 | D:12     | You fall through a shaft for 2 floors!
 34596 | Orc:1    | Entered Level 1 of the Orcish Mines
 34781 | Orc:2    | Found Unlag's Book Boutique.
 35046 | Orc:3    | Found a staircase to the Elven Halls.
 35179 | Orc:3    | Reached skill level 1 in Armour
 35870 | Orc:2    | Found Toper's Antique Weapon Emporium.
 35916 | Orc:1    | Noticed Snorg
 36186 | Orc:2    | Killed Snorg
 36186 | Orc:2    | Reached skill level 2 in Armour
 36186 | Orc:2    | Reached skill level 6 in Invocations
 36250 | Orc:1    | Found a bloodstained altar of Trog.
 36569 | Orc:2    | Noticed Josephine
 36607 | Orc:2    | Killed Josephine
 36664 | Orc:2    | Received a gift from Okawaru
 36706 | Orc:2    | Reached skill level 3 in Armour
 37040 | Orc:2    | Found a roughly hewn altar of Beogh.
 37242 | Orc:4    | Entered Level 4 of the Orcish Mines
 37750 | Orc:4    | Reached skill level 7 in Invocations
 37773 | Orc:4    | Reached skill level 4 in Armour
 39045 | Orc:4    | Found a roughly hewn altar of Beogh.
 39074 | Orc:4    | Found Urhukha's Book Emporium.
 39074 | Orc:4    | Found Xirei's Gadget Boutique.
 39169 | Orc:4    | Found Xoedul's Antique Armour Emporium.
 39169 | Orc:4    | Found Vetiesk's Assorted Antiques.
 39200 | Orc:4    | Bought a translucent chain mail for 228 gold pieces
 39200 | Orc:4    | Bought a shiny bronze wand for 96 gold pieces
 39200 | Orc:4    | Bought a tourmaline ring for 120 gold pieces
 39251 | Orc:4    | Reached skill level 5 in Armour
 39300 | Orc:4    | Received a gift from Okawaru
 39643 | Lair:1   | Identified the cursed +1 chain mail "Biefey" {rElec rC+ MR+ Stlth+} (You bought it in a shop on level 4 of the Orcish Mines)
 39757 | D:12     | Bought a manual of Bows for 1435 gold pieces
 39785 | D:13     | Found a gate to the Vaults.
 39785 | D:13     | Noticed Donald
 39874 | D:12     | Upgraded the game from 0.17-a0-1141-g3e25b61 to 0.17-a0-1150-g17b0b87
 39931 | D:13     | Reached skill level 8 in Invocations
 39985 | D:13     | Reached skill level 1 in Bows
 40084 | D:13     | Reached skill level 2 in Bows
 40235 | D:13     | Killed Donald
 40235 | D:13     | Reached skill level 3 in Bows
 40235 | D:13     | Reached skill level 6 in Armour
 40347 | D:13     | Noticed Frances
 40389 | D:13     | Killed Frances
 40389 | D:13     | Reached skill level 4 in Bows
 40751 | D:13     | Reached skill level 5 in Bows
 40789 | D:13     | Reached XP level 16. HP: 119/125 MP: 23/23
 41071 | D:14     | Received a gift from Okawaru
 41267 | D:14     | Reached skill level 7 in Armour
 41367 | D:14     | Reached skill level 6 in Bows
 41480 | D:14     | HP: 37/125 [brown ugly thing (4)]
 41485 | D:14     | HP: 29/125 [poisoned by a green ugly thing]
 41490 | D:14     | HP: 26/125 [poisoned by a green ugly thing]
 41496 | D:14     | HP: 23/125 [poisoned by a green ugly thing]
 41503 | D:14     | HP: 23/125 [poisoned by a green ugly thing]
 42105 | D:14     | Reached skill level 7 in Bows
 42869 | D:15     | Entered Level 15 of the Dungeon
 42982 | D:15     | Reached skill level 8 in Bows
 43297 | D:15     | Reached skill level 8 in Armour
 43433 | D:15     | Found Qawkin's Assorted Antiques.
 43445 | D:15     | Bought a scroll of identify for 46 gold pieces
 43445 | D:15     | Bought a cabochon ring for 115 gold pieces
 43635 | D:15     | Received a gift from Okawaru
 43802 | D:15     | Found a sacrificial altar of Ru.
 44408 | D:15     | Found a staircase to the Depths.
 44650 | Shoals:1 | Entered Level 1 of the Shoals
 44674 | Shoals:1 | Reached skill level 9 in Bows
 44804 | Shoals:1 | Received a gift from Okawaru
 44805 | Shoals:1 | Got a faintly glowing plate armour {god gift}
 45329 | Shoals:1 | Reached skill level 9 in Armour
 45505 | Shoals:1 | Reached skill level 10 in Bows
 45927 | Lair:4   | Identified the +5 plate armour "Tior" {+Blink rF+ Dex+3} (Okawaru gifted it to you on level 1 of the Shoals)
 46253 | Shoals:2 | Received a gift from Okawaru
 46278 | Shoals:2 | Got a brightly glowing rapier
 46402 | Shoals:2 | Upgraded the game from 0.17-a0-1150-g17b0b87 to 0.17-a0-1164-g0ba867e
 46429 | Shoals:2 | Reached skill level 11 in Bows
 46540 | Shoals:2 | HP: 35/125 [harpy (11)]
 46541 | Shoals:2 | HP: 7/125 [water nymph/the raging water (28)]
 46681 | Shoals:1 | HP: 35/125 [faun/stone (9)]
 46694 | Shoals:1 | Got a scorched crystal amulet
 46704 | Shoals:1 | Identified the amulet of Genneu {Faith *Confuse rC+ rN++ SInv} (You took it off a siren on level 1 of the Shoals)
 46877 | Lair:1   | Identified the +6 rapier "Dragonslayer" {speed, rElec Stlth+} (You found it on level 2 of the Shoals)
 47022 | Spider:1 | Entered Level 1 of the Spider Nest
 47208 | Spider:1 | Reached XP level 17. HP: 99/131 MP: 19/24
 47272 | Spider:1 | Noticed Roxanne
 47293 | Spider:1 | Reached skill level 10 in Armour
 47743 | Spider:2 | HP: 35/131 [demonic crawler (7)]
 47750 | Spider:2 | HP: 38/131 [jumping spider (3)]
 49147 | Spider:2 | Received a gift from Okawaru
 49271 | Spider:2 | Received a gift from Okawaru
 49457 | Spider:3 | Reached skill level 11 in Armour
 49483 | Spider:3 | HP: 39/133 [poisoned by a redback]
 49488 | Spider:3 | HP: 36/133 [poisoned by a redback]
 49493 | Spider:2 | HP: 33/133 [poisoned by a redback]
 49498 | Spider:2 | HP: 32/133 [poisoned by a redback]
 49504 | Spider:2 | HP: 32/133 [poisoned by a redback]
 49512 | Spider:2 | HP: 32/133 [poisoned by a redback]
 50053 | Spider:3 | Reached skill level 12 in Fighting
 50074 | Spider:3 | Received a gift from Okawaru
 50399 | Spider:2 | HP: 39/133 [poisoned by a wolf spider]
 50406 | Spider:2 | HP: 29/133 [poisoned by a wolf spider]
 50420 | Spider:2 | HP: 27/133 [poisoned by a wolf spider]
 50428 | Spider:2 | HP: 26/133 [poisoned by a wolf spider]
 50439 | Spider:2 | HP: 27/133 [poisoned by a wolf spider]
 50446 | Spider:2 | HP: 25/133 [poisoned by a wolf spider]
 50456 | Spider:2 | HP: 24/133 [poisoned by a wolf spider]
 50464 | Spider:2 | HP: 24/133 [poisoned by a wolf spider]
 50476 | Spider:2 | HP: 23/133 [poisoned by a wolf spider]
 50484 | Spider:2 | HP: 23/133 [poisoned by a wolf spider]
 50495 | Spider:2 | HP: 23/133 [poisoned by a wolf spider]
 50501 | Spider:2 | HP: 23/133 [poisoned by a wolf spider]
 50510 | Spider:2 | HP: 23/133 [poisoned by a wolf spider]
 50534 | Spider:2 | HP: 26/133 [poisoned by a wolf spider]
 50541 | Spider:2 | HP: 26/133 [poisoned by a wolf spider]
 50574 | Spider:2 | HP: 30/133 [poisoned by a wolf spider]
 50592 | Spider:2 | HP: 32/133 [poisoned by a wolf spider]
 50606 | Spider:2 | HP: 33/133 [poisoned by a wolf spider]
 51069 | Shoals:2 | HP: 37/133 [sea snake (12)]
 52322 | Spider:3 | Received a gift from Okawaru
 52323 | Spider:3 | Got a pair of twisted boots {god gift}
 52336 | Spider:3 | Identified the +0 pair of boots of Feowac {rCorr} (Okawaru gifted it to you on level 3 of the Spider Nest)
 52415 | Spider:3 | Reached skill level 12 in Armour
 52506 | Spider:4 | Entered Level 4 of the Spider Nest
 53322 | Spider:4 | HP: 40/135 [poisoned by a redback]
 53327 | Spider:4 | HP: 40/135 [poisoned by a redback]
 53334 | Spider:4 | HP: 40/135 [poisoned by a redback]
 54260 | Shoals:3 | Reached XP level 18. HP: 116/142 MP: 20/25
 54271 | Shoals:3 | Received a gift from Okawaru
 54373 | Shoals:3 | HP: 32/142 [water nymph/the raging water (17)]
 54378 | Shoals:3 | HP: 40/142 [water nymph/the raging water (6)]
 54745 | Spider:4 | Upgraded the game from 0.17-a0-1164-g0ba867e to 0.17-a0-1174-ge06b3cc
 54782 | Spider:4 | Received a gift from Okawaru
 54869 | Spider:4 | Reached skill level 13 in Armour
 54869 | Spider:4 | HP: 42/142 [poisoned by a wolf spider]
 54874 | Spider:4 | HP: 33/142 [poisoned by a wolf spider]
 54879 | Spider:4 | HP: 27/142 [poisoned by a wolf spider]
 54884 | Spider:4 | HP: 23/142 [poisoned by a wolf spider]
 54890 | Spider:4 | HP: 20/142 [poisoned by a wolf spider]
 54896 | Spider:4 | HP: 19/142 [poisoned by a wolf spider]
 54902 | Spider:4 | HP: 19/142 [poisoned by a wolf spider]
 54910 | Spider:4 | HP: 20/142 [poisoned by a wolf spider]
 55259 | Spider:4 | Reached skill level 13 in Fighting
 55338 | Spider:4 | Received a gift from Okawaru
 55480 | Spider:4 | Received a gift from Okawaru
 55521 | Spider:4 | Got a gossamer rune of Zot
 56097 | Lair:1   | Identified a scroll of acquirement
 56099 | Lair:1   | Got an ancient plate armour
 56110 | Lair:1   | Identified the +9 plate armour of the Eternal Void {rCorr Slay+5} (You acquired it on level 1 of the Lair of Beasts)
 56220 | Orc:2    | Bought a book of Air for 490 gold pieces
 56223 | Orc:2    | Learned a level 2 spell: Repel Missiles
 56226 | Orc:2    | Learned a level 2 spell: Swiftness
 56892 | Shoals:4 | Entered Level 4 of the Shoals
 57113 | Shoals:4 | Got a slimy glass ring
 57115 | Shoals:4 | Identified the ring of Leoffasu {rC+ Stlth-} (You found it on level 4 of the Shoals)
 57622 | Shoals:4 | Received a gift from Okawaru
 57640 | Shoals:4 | HP: 43/144 [poisoned by a merfolk impaler]
 57641 | Shoals:4 | HP: 21/144 [merfolk javelineer/javelin (19)]
 57647 | Shoals:4 | HP: 22/144 [merfolk javelineer/javelin (7)]
 57653 | Shoals:4 | HP: 28/144 [merfolk javelineer/spear of venom (5)]
 57662 | Shoals:4 | HP: 13/144 [satyr/arrow (13)]
 58105 | Shoals:4 | Got a barnacled rune of Zot
 58231 | Shoals:4 | Noticed Ilsuiw
 58356 | Shoals:4 | Reached skill level 14 in Armour
 58727 | Shoals:4 | Got a brightly glowing triple crossbow
 58728 | Shoals:4 | Identified the +7 triple crossbow of a treasure trove {freeze, rElec rPois MP+9 Int-4} (You found it on level 4 of the Shoals)
 58786 | Shoals:4 | Received a gift from Okawaru
 58832 | Shoals:4 | Killed Ilsuiw
 58938 | Shoals:4 | HP: 42/145 [merfolk aquamancer] (4)]
 58940 | Shoals:4 | HP: 17/145 [merfolk aquamancer/great wave of water (19)]
 59077 | Shoals:4 | Received a gift from Okawaru
 60538 | Vaults:1 | Entered Level 1 of the Vaults
 60753 | Vaults:1 | Reached skill level 14 in Fighting
 60875 | Vaults:1 | HP: 43/146 [spriggan (shapeshifter) (4)]
 60890 | Vaults:1 | HP: 42/146 [centaur warrior (10)]
 60896 | Vaults:1 | HP: 30/146 [poisoned by a centaur warrior]
 60916 | Vaults:1 | HP: 30/146 [vault guard/long sword[a vault warden] (5)]
 60918 | Vaults:1 | HP: 14/146 [vault guard/glaive[a vault warden] (16)]
 60933 | Vaults:1 | Shot with a bolt by a yaktaur

Vault maps used:
D:1:      minmay_arrival_four_loops, kennysheep_boxes
D:2:      uniq_robin
D:3:      lemuel_castle_with_subvaults, nemelex_deck, serial_bayou,
          serial_bayou_crossing, serial_bayou_pond_e, serial_bayou_shore_b,
          serial_bayou_pond_b, serial_bayou_pond_d, first_bread,
          yredelemnul_altar_generic
D:4:      uniq_natasha
D:5:      minmay_temple_entry_fiery
D:9:      lair_0_dummy, special_room, serial_ice, serial_ice_h, serial_ice_i,
          serial_ice_a, serial_ice_b, serial_ice_c, serial_ice_m, serial_ice_e,
          serial_ice_g, serial_ice_f, serial_ice_d
D:10:     hangedman_ranch
D:11:     david_lair_generic, uniq_urug
D:12:     nooodl_glass_maze, orc_0_dummy, serial_shops, kennysheep_mini_moat,
          elyvilon_altar_1
D:13:     david_vaults_3, uniq_frances
D:14:     minmay_misc_feat_encased
D:15:     grunt_enter_depths_hoard, serial_shops, nicolae_shop_crystal,
          hangedman_decor_points, small_statue_intersection,
          nicolae_ru_path_of_blood
Temple:   grunt_circular_temple_18
Lair:1:   minmay_lair_oklob_chamber, lemuel_centaur_altar
Lair:2:   portal_ice_cave_entry_imps, infiniplex_staircase_pool, uniq_gastronok
Lair:3:   minmay_holes
Lair:4:   minmay_shoals_entry_hut, serial_bayou_lagoon_a,
          bh_autumn_forest_stairs, lemuel_fruit_tree, uniq_harold
Lair:5:   basic_altar, small_statue_intersection, beast_lair_carwin_11
Lair:6:   nicolae_spider_entry_orb_guardian, minmay_slime_entry_pillars,
          ice2_lemuel
Lair:8:   minmay_lair_end_frog_pond, basic_altar, grunt_forest_large_clearings
Shoals:3: nicolae_shoals_kraken_intersection
Shoals:4: shoals_end_hangedman, shoal_ilsuiw
Spider:1: uniq_roxanne
Spider:3: nicolae_spider_nook
Spider:4: grunt_spider_rune_parallel, spider_trap
Orc:1:    trog_book, uniq_snorg
Orc:2:    orc_temple, serial_shops, nicolae_shop_behind_doors, shop,
          minmay_orc_keep, uniq_josephine
Orc:3:    serial_shops, nicolae_orc_pool_cavern
Orc:4:    st_orc_town, guppyfry_library_mini
Vaults:1: hangedman_vaults_slice, v_misc_23, v_misc_29, grunt_vaults_diagonal,
          hangedman_vaults_maws, hangedman_vaults_corner, vaults_room_door_hall,
          hangedman_vaults_impose, nicolae_vaults_c_with_doors,
          vaults_dpeg_hooks, v_rooms_4, ontoclasm_vaults_claustrophobia,
          vaults_dpeg_ring, vaults_room_hallway
IceCv:    ice_cave_statue_garden_01

Action                   |  1- 3 |  4- 6 |  7- 9 | 10-12 | 13-15 | 16-18 || total
-------------------------+-------+-------+-------+-------+-------+-------++-------
Melee: Unarmed           |   158 |   333 |   552 |   793 |  2117 |  1654 ||  5607
       Dagger            |       |       |     1 |       |       |       ||     1
       Longbow           |       |       |       |       |       |     1 ||     1
 Fire: Blowgun           |       |     2 |    29 |    23 |     2 |       ||    56
       Longbow           |       |       |       |   168 |   736 |  1091 ||  1995
Throw: Tomahawk          |     7 |    25 |     9 |     9 |       |       ||    50
       Stone             |       |       |       |       |    10 |       ||    10
       Throwing net      |       |       |       |       |       |     2 ||     2
Invok: Heroism           |       |       |       |    18 |    16 |    14 ||    48
 Abil: Evoke Invisibilit |       |       |       |       |     6 |    10 ||    16
       End Transformatio |       |       |       |       |     1 |     2 ||     3
       Bat Form          |       |       |       |       |     1 |     2 ||     3
Evoke: Wand              |       |       |       |     6 |       |       ||     6
  Use: Scroll            |     6 |     5 |    12 |     5 |    11 |    18 ||    57
       Potion            |     2 |     8 |    20 |    38 |    60 |    74 ||   202
 Stab: Sleeping          |     4 |     3 |    16 |     2 |    10 |     3 ||    38
       Distracted        |       |       |     1 |     3 |     2 |     3 ||     9
       Paralysed         |       |       |       |     3 |       |       ||     3
       Invisible         |       |       |       |       |    14 |    38 ||    52
       Fleeing           |       |       |       |       |     1 |       ||     1

Table legend:
 A = Turns spent in this place as a percentage of turns spent in the entire game.
 B = Non-inter-level travel turns spent in this place as a percentage of non-inter-level travel turns spent in the entire game.
 C = Inter-level travel turns spent in this place as a percentage of turns spent in this place.
 D = Turns resting spent in this place as a percentage of non-inter-level travel turns spent in this place.
 E = Turns spent auto-exploring this place as a percentage of non-inter-level travel turns spent in this place.
 F = Non-inter-level travel turns spent in this place divided by the number of levels of this place that you've seen.
                   A       B       C       D       E      F
               +-------+-------+-------+-------+-------+----------------------
         Total | 100.0 | 100.0 |   0.5 |   1.9 |   2.5 | 733.7
       Dungeon |  34.0 |  34.0 |   0.5 |   1.6 |   3.7 | 632.7
        Temple |   0.1 |   0.1 |   2.9 |   0.0 |  51.5 |  33.0
          Lair |  26.5 |  26.4 |   0.7 |   2.4 |   2.3 | 921.4
        Shoals |  14.5 |  14.5 |   0.5 |   2.0 |   1.1 | 1008.2
   Spider Nest |  11.4 |  11.4 |   0.5 |   1.8 |   2.2 | 797.5
  Orcish Mines |  11.6 |  11.6 |   0.4 |   0.8 |   1.2 | 806.0
        Vaults |   1.2 |   1.2 |   0.0 |   2.3 |   1.2 | 344.0
      Ice Cave |   0.7 |   0.7 |   0.0 |  10.3 |   0.0 | 195.0
               +-------+-------+-------+-------+-------+----------------------

Vault maps used:
D:1:      minmay_arrival_four_loops, kennysheep_boxes
D:2:      uniq_robin
D:3:      lemuel_castle_with_subvaults, nemelex_deck, serial_bayou,
          serial_bayou_crossing, serial_bayou_pond_e, serial_bayou_shore_b,
          serial_bayou_pond_b, serial_bayou_pond_d, first_bread,
          yredelemnul_altar_generic
D:4:      uniq_natasha
D:5:      minmay_temple_entry_fiery
D:9:      lair_0_dummy, special_room, serial_ice, serial_ice_h, serial_ice_i,
          serial_ice_a, serial_ice_b, serial_ice_c, serial_ice_m, serial_ice_e,
          serial_ice_g, serial_ice_f, serial_ice_d
D:10:     hangedman_ranch
D:11:     david_lair_generic, uniq_urug
D:12:     nooodl_glass_maze, orc_0_dummy, serial_shops, kennysheep_mini_moat,
          elyvilon_altar_1
D:13:     david_vaults_3, uniq_frances
D:14:     minmay_misc_feat_encased
D:15:     grunt_enter_depths_hoard, serial_shops, nicolae_shop_crystal,
          hangedman_decor_points, small_statue_intersection,
          nicolae_ru_path_of_blood
Temple:   grunt_circular_temple_18
Lair:1:   minmay_lair_oklob_chamber, lemuel_centaur_altar
Lair:2:   portal_ice_cave_entry_imps, infiniplex_staircase_pool, uniq_gastronok
Lair:3:   minmay_holes
Lair:4:   minmay_shoals_entry_hut, serial_bayou_lagoon_a,
          bh_autumn_forest_stairs, lemuel_fruit_tree, uniq_harold
Lair:5:   basic_altar, small_statue_intersection, beast_lair_carwin_11
Lair:6:   nicolae_spider_entry_orb_guardian, minmay_slime_entry_pillars,
          ice2_lemuel
Lair:8:   minmay_lair_end_frog_pond, basic_altar, grunt_forest_large_clearings
Shoals:3: nicolae_shoals_kraken_intersection
Shoals:4: shoals_end_hangedman, shoal_ilsuiw
Spider:1: uniq_roxanne
Spider:3: nicolae_spider_nook
Spider:4: grunt_spider_rune_parallel, spider_trap
Orc:1:    trog_book, uniq_snorg
Orc:2:    orc_temple, serial_shops, nicolae_shop_behind_doors, shop,
          minmay_orc_keep, uniq_josephine
Orc:3:    serial_shops, nicolae_orc_pool_cavern
Orc:4:    st_orc_town, guppyfry_library_mini
Vaults:1: hangedman_vaults_slice, v_misc_23, v_misc_29, grunt_vaults_diagonal,
          hangedman_vaults_maws, hangedman_vaults_corner, vaults_room_door_hall,
          hangedman_vaults_impose, nicolae_vaults_c_with_doors,
          vaults_dpeg_hooks, v_rooms_4, ontoclasm_vaults_claustrophobia,
          vaults_dpeg_ring, vaults_room_hallway
IceCv:    ice_cave_statue_garden_01
